 Seeded DCSS version 0.30-a0-672-gc3a7216ad8 (webtiles) character file.

Game seed: 14267924721094143622 (custom seed)

19116 mampy3000 the Warrior (level 12, -6/168 (181) HPs)
             Began as a Minotaur Berserker on Jan 18, 2023.
             Was a High Priest of Trog.
             Mangled by a skeletal warrior
             ... wielding a +0 dire flail
              (12 damage)
             ... on level 12 of the Dungeon.
             The game lasted 00:32:05 (10015 turns).

mampy3000 the Warrior (Minotaur Berserker)         Turns: 10015, Time: 00:32:05

HP:   -6/168 (181)  AC: 15    Str: 34    XL:     12   Next: 33%
MP:   20/20         EV: 17    Int:  4    God:    Trog [*****.]
Gold: 641           SH:  0    Dex: 19    Spells: 11/11 levels left

rFire   + . .      SeeInvis +    q - +6 whip of Dim Light {drain, *Slow Fly Str+8 SInv}
rCold   . . .      Faith    .    (no shield)
rNeg    . . .      Spirit   .    k - +2 ring mail of Fuschu Soikiu {Will+ MP+9 Str-2 Dex+4 SInv}
rPois   .          Reflect  .    (helmet restricted)
rElec   .          Harm     .    x - +2 cloak
rCorr   .          Rampage  .    b - +0 pair of gloves
Will    +....                    f - +0 pair of boots Stlth
                                 t - amulet of regeneration
HPRegen 1.28/turn                L - +6 ring of strength
MPRegen 0.17/turn                C - ring of protection from fire

@: berserking, flying, slowed, studying Fighting, drained
A: horns 2, retaliatory headbutt
a: Renounce Religion, Berserk, Trog's Hand, Brothers in Arms


You were on level 12 of the Dungeon.
You worshipped Trog.
Trog was extremely pleased with you.
You visited 1 branch of the dungeon, and saw 12 of its levels.

You collected 757 gold pieces.
You spent 116 gold pieces at shops.

Inventory:

Hand Weapons
 e - a +3 whip
 q - the +6 whip of Dim Light (weapon) {drain, *Slow Fly Str+8 SInv}
   (You found it on level 4 of the Dungeon)

   Str:       It affects your strength (+8).
   SInv:      It lets you see invisible.
   Fly:       It grants you flight.
   *Slow:     It may slow you when you take damage.
 I - a +2 battleaxe
Missiles
 y - 6 boomerangs (quivered)
 G - 5 throwing nets
Armour
 b - a +0 pair of gloves (worn)
 f - a +0 pair of boots (worn)
 k - the +2 ring mail of Fuschu Soikiu (worn) {Will+ MP+9 Str-2 Dex+4 SInv}
   (You found it on level 2 of the Dungeon)

   Str:       It affects your strength (-2).
   Dex:       It affects your dexterity (+4).
   MP:        It affects your magic capacity (+9).
   SInv:      It lets you see invisible.
   Will:      It increases your willpower.
 n - an orb of mayhem
 x - a +2 cloak (worn)
Jewellery
 l - an amulet of magic regeneration
 r - an amulet of the acrobat
 t - an amulet of regeneration (around neck)
 C - a ring of protection from fire (right hand)
 J - an amulet of guardian spirit
 K - a ring of willpower
 L - a +6 ring of strength (left hand)
 O - a ring of ice
Wands
 h - a wand of iceblast (15)
 z - a wand of digging (8)
 D - a wand of flame (19)
 H - a wand of light (3)
Scrolls
 g - 2 scrolls of immolation
 i - a scroll of summoning
 s - 7 scrolls of teleportation
 E - a scroll of fear
 F - a scroll of identify
Potions
 a - 2 potions of flight {unknown}
 c - 3 potions of lignification
 d - 3 potions of cancellation
 j - 2 potions of curing {unknown}
 m - a potion of magic {unknown}
 o - 5 potions of attraction
 p - 4 potions of heal wounds
 u - 4 potions of degeneration
 v - 3 potions of brilliance {unknown}
 w - 5 potions of might
 A - 2 potions of mutation {unknown}
 B - a potion of ambrosia {unknown}
 M - a potion of haste {unknown}


   Skills:
 + Level 15.4 Fighting
 + Level 14.5 Maces & Flails
 + Level 10.8 Armour
 + Level 9.6 Dodging
 + Level 5.3 Stealth


You had 11 spell levels left.
You didn't know any spells.
Your spell library was empty.

Dungeon Overview and Level Annotations

Branches:
Dungeon (12/15)            Temple (0/1) D:7            Lair (0/5) D:9
    Orc (0/2) D:9

Altars:
Ashenzari
Cheibriados
Kikubaaqudgha
Sif Muna
Uskayaw
Wu Jian
Xom
Zin

Shops:
D:4 *


Innate Abilities, Weirdness & Mutations

You have a pair of horns on your head.
You reflexively headbutt those who attack you in melee.


Message History

You are too injured to fight recklessly!
You are too injured to fight recklessly!
You are too injured to fight recklessly!
You are too injured to fight recklessly!
You are too injured to fight recklessly!
You are too injured to fight recklessly!
A red film seems to cover your vision as you go berserk!
You feel yourself moving faster!
You feel mighty!
The skeletal warrior hits you with a +0 hand axe!
* * * LOW HITPOINT WARNING * * *
The skeletal warrior hits you but does no damage.
You feel drained.
The skeletal warrior hits you with a +0 dire flail!
* * * LOW HITPOINT WARNING * * *
The skeletal warrior closely misses you.
You furiously retaliate!
You headbutt the skeletal warrior! You whack the skeletal warrior!
Your punch misses the skeletal warrior.
The skeletal warrior is heavily damaged.
The skeletal warrior hits you but does no damage.
The skeletal warrior barely misses you. You furiously retaliate!
You headbutt the skeletal warrior!
The skeletal warrior hits you with a +0 hand axe!
* * * LOW HITPOINT WARNING * * *
The skeletal warrior misses you.
You whack the skeletal warrior!
The skeletal warrior is heavily damaged.
You barely miss the skeletal warrior.
The skeletal warrior is heavily damaged.
The skeletal warrior hits you with a +0 dire flail!
* * * LOW HITPOINT WARNING * * *
The skeletal warrior misses you.
The skeletal warrior hits you with a +0 hand axe!
* * * LOW HITPOINT WARNING * * *
The skeletal warrior hits you but does no damage.
You barely miss the skeletal warrior. You headbutt the skeletal warrior!
The skeletal warrior is severely damaged.
You closely miss the skeletal warrior.
The skeletal warrior is severely damaged.
The skeletal warrior hits you with a +0 dire flail!
You die...

............>
##).....................
#..........>.......<...
##.....................
##......................
##+##.>.................
........................
......#.........zz.$....
......##........@z...#
##....# #........z..##
####### #.####.###### #
. #.# ## # #.# .# #.# .#
#.####### .# ###........
.# #......####


You could see 4 skeletal warriors.

Vanquished Creatures
  Snorg (D:10)
  Josephine (D:11)
  Harold (D:9)
  A hydra (D:11)
  2 two-headed ogres (D:11)
  Urug (D:10)
  Pikel (D:6)
  A wizard (D:10)
  A deep elf pyromancer (D:12)
  An ugly thing (D:11)
  A gargoyle (D:11)
  A komodo dragon (D:10)
  4 trolls
  5 slime creatures (D:12)
  2 shadows
  4 wraiths (D:11)
  2 vampires
  7 yaks (D:9)
  Grum (D:10)
  2 steam dragons
  2 wyverns
  4 vampire mosquitoes (D:10)
  2 acid dragons (D:11)
  2 water moccasins
  2 ice beasts (D:5)
  2 black bears
  6 orc warriors
  8 ogres
  A centaur (D:9)
  A lemure (D:6)
  2 wolves (D:10)
  A phantom (D:4)
  8 bullfrogs
  6 necrophages
  6 kobold brigands
  3 gnoll sergeants (D:9)
  7 wights
  38 killer bees
  8 howler monkeys
  2 jellies
  Crazy Yiuf (D:4)
  2 gnoll boudas
  9 orc priests
  6 iguanas
  Jessica (D:2)
  Natasha (thrice) (D:2)
  17 orc wizards
  Robin (D:3)
  10 river rats (D:5)
  4 adders
  11 gnolls
  A shadow imp (D:6)
  A white imp (D:7)
  2 worms
  2 dart slugs
  49 orcs
  4 ball pythons
  3 bats
  4 endoplasms
  3 giant cockroaches
  14 goblins
  3 hobgoblins
  2 jackals (D:1)
  12 kobolds
  10 quokkas
  3 frilled lizards
  14 rats
343 creatures vanquished.

Vanquished Creatures (others)
  23 fungi (D:9)
  16 plants (D:9)
39 creatures vanquished.

Grand Total: 382 creatures vanquished

Notes
Turn   | Place    | Note
-------+----------+-------------------------------------------
     0 | D:1      | mampy3000 the Minotaur Berserker began the quest for the
                  | Orb.
     0 | D:1      | Reached XP level 1. HP: 19/19 MP: 0/0
   217 | D:1      | Reached XP level 2. HP: 23/27 MP: 1/1
   386 | D:1      | Reached skill level 4 in Fighting
  1140 | D:2      | Identified the +2 ring mail of Fuschu Soikiu {Will+ MP+9
                  | Str-2 Dex+4 SInv}
  1143 | D:2      | Noticed Natasha
  1151 | D:2      | Killed Natasha
  1152 | D:2      | Reached XP level 3. HP: 27/34 MP: 2/2
  1391 | D:2      | Noticed Jessica
  1403 | D:2      | Killed Jessica
  1404 | D:2      | Reached XP level 4. HP: 41/41 MP: 3/3
  1532 | D:2      | Noticed Natasha
  1540 | D:2      | Killed Natasha
  1667 | D:2      | Noticed Natasha
  1677 | D:2      | Killed Natasha
  1678 | D:2      | Reached skill level 5 in Fighting
  1678 | D:2      | Reached skill level 5 in Maces & Flails
  2178 | D:3      | Noticed Robin
  2184 | D:3      | Killed Robin
  2185 | D:3      | Reached XP level 5. HP: 45/48 MP: 4/4
  2199 | D:3      | Reached ** piety under Trog
  2696 | D:4      | Identified the +6 whip of Dim Light {drain, *Slow Fly Str+8
                  | SInv}
  2730 | D:4      | Found a runed translucent door.
  2731 | D:4      | Noticed Crazy Yiuf
  2888 | D:4      | Noticed a phantom
  2897 | D:4      | Killed a phantom
  2898 | D:4      | Reached skill level 1 in Stealth
  2898 | D:4      | Reached XP level 6. HP: 56/56 MP: 5/5
  3032 | D:4      | Found Nyagreb's Assorted Antiques.
  3075 | D:4      | Bought a scroll labelled ROEBOD ZAGRAOPH for 29 gold pieces
  3075 | D:4      | Bought a scroll of identify for 58 gold pieces
  3075 | D:4      | Bought a scroll labelled ROEBOD ZAGRAOPH for 29 gold pieces
  3518 | D:4      | Killed Crazy Yiuf
  3730 | D:5      | Entered Level 5 of the Dungeon
  3752 | D:5      | Reached XP level 7. HP: 62/62 MP: 6/6
  3927 | D:5      | Found a hide-covered altar of Uskayaw.
  4100 | D:5      | Reached skill level 6 in Fighting
  4220 | D:5      | Reached *** piety under Trog
  4258 | D:5      | Reached XP level 8. HP: 65/70 MP: 7/7
  4305 | D:5      | Reached skill level 5 in Armour
  4666 | D:6      | Found the +6 shillelagh "Devastator" {shatter}
  4804 | D:6      | Noticed Pikel
  4816 | D:6      | Killed Pikel
  4817 | D:6      | Reached skill level 7 in Fighting
  4817 | D:6      | Reached skill level 10 in Maces & Flails
  4817 | D:6      | Reached skill level 5 in Dodging
  4817 | D:6      | Reached XP level 9. HP: 79/79 MP: 8/8
  5425 | D:7      | Found a staircase to the Ecumenical Temple.
  5627 | D:7      | Reached **** piety under Trog
  5869 | D:7      | Found an ornate altar of the Wu Jian Council.
  5869 | D:7      | Found an ancient bone altar of Kikubaaqudgha.
  5881 | D:7      | Found a snail-covered altar of Cheibriados.
  5904 | D:7      | Reached skill level 8 in Fighting
  5971 | D:8      | Identified a scroll of acquirement
  5971 | D:8      | Acquired a manual of Fighting
  6217 | D:8      | Reached skill level 9 in Fighting
  6536 | D:8      | Found a glowing silver altar of Zin.
  6840 | D:9      | Reached XP level 10. HP: 91/91 MP: 9/9
  6948 | D:9      | Reached skill level 10 in Fighting
  6950 | D:9      | Reached ***** piety under Trog
  7021 | D:9      | Found a staircase to the Orcish Mines.
  7052 | D:9      | Reached skill level 11 in Fighting
  7174 | D:9      | Noticed Harold
  7186 | D:9      | Killed Harold
  7332 | D:9      | Reached XP level 11. HP: 102/104 MP: 10/10
  7355 | D:9      | Reached skill level 12 in Fighting
  7385 | D:9      | Found a staircase to the Lair.
  7568 | D:10     | Entered Level 10 of the Dungeon
  7627 | D:10     | Noticed Snorg
  7642 | D:10     | Killed Snorg
  7857 | D:10     | Found a shimmering altar of Xom.
  8032 | D:10     | Noticed Grum
  8033 | D:10     | Noticed a wizard
  8046 | D:10     | Killed a wizard
  8047 | D:10     | Reached skill level 13 in Fighting
  8054 | D:10     | Killed Grum
  8216 | D:10     | Found a shimmering blue altar of Sif Muna.
  8216 | D:10     | Found a broken altar of Ashenzari.
  8263 | D:10     | Noticed Urug
  8271 | D:10     | Killed Urug
  8768 | D:11     | Reached skill level 10 in Armour
  8823 | D:11     | Noticed a two-headed ogre
  8834 | D:11     | Killed a two-headed ogre
  8879 | D:11     | Noticed a five-headed hydra
  8888 | D:11     | Killed a five-headed hydra
  8936 | D:11     | Noticed a white ugly thing
  8943 | D:11     | Killed a white ugly thing
  8944 | D:11     | Reached skill level 14 in Fighting
  9035 | D:11     | Noticed a two-headed ogre
  9052 | D:11     | Killed a two-headed ogre
  9139 | D:11     | Reached XP level 12. HP: 118/118 MP: 11/11
  9225 | D:11     | Noticed Josephine
  9232 | D:11     | Received a gift from Trog
  9239 | D:11     | Killed Josephine
  9244 | D:11     | Reached skill level 15 in Fighting
  9244 | D:11     | Reached skill level 5 in Stealth
 10013 | D:12     | HP: 4/168 [skeletal warrior/+0 hand axe (17)]
 10015 | D:12     | Mangled by a skeletal warrior

Illustrated notes

Levels and vault maps discovered:
D:1:      doesnt_arrival_eight_statues, layout_basic
D:2:      layout_basic, uniq_jessica, uniq_natasha
D:3:      layout_basic, dreamdust_wishing_well, uniq_robin
D:4:      layout_loops_corners, serial_shops, shop, grunt_decor_one_mirror,
          uniq_crazy_yiuf_cottage
D:5:      lemuel_ratsnest, layout_basic, eat_drink_and_be_merry_uskayaw,
          nicolae_elevator_lobby_asterisk
D:6:      layout_layer_cave, minivault_11, chequers_serial_rivers_micro_a,
          dilly_guarded_unrand_devastator, uniq_pikel
D:7:      layout_gridville, mainiacjoe_overflow_alcove_1,
          gammafunk_temple_overflow_elements, minmay_temple_entry_junction_2
D:8:      layout_basic, zin_statuary
D:9:      layout_cave_pools, grunt_lair_entry_orc_guard_hut,
          kennysheep_orc_monster_closet_entryway, uniq_harold
D:10:     cheibrodos_wizards_tower, layout_loops_corners,
          mainiacjoe_overflow_alcove_4, gammafunk_temple_overflow_pools,
          uniq_snorg, uniq_grum, uniq_urug
D:11:     wad_woods_minihive, layout_stronghold, uniq_josephine
D:12:     minmay_triangles_in_corner, layout_basic, special_room
          [special_room_orc], kennysheep_path_1

Skill      XL: |  1  2  3  4  5  6  7  8  9 10 11 12 |
---------------+-------------------------------------+-----
Maces & Flails | 4 5 6 7 8 10 11 13 14 | 14.5
Fighting       | 4 5 6 7 9 11 14 15 | 15.4
Armour         | 3 4 6 7 9 10 | 10.8
Dodging        | 3 4 5 6 7 9 |  9.6
Stealth        | 1 2 3 4 5 |  5.3

Action                   |  1- 3 |  4- 6 |  7- 9 | 10-12 || total
-------------------------+-------+-------+-------+-------++-------
Melee: Mace              |    10 |       |       |       ||    10
       Whip              |    32 |   115 |   260 |   464 ||   871
       Headbutt          |     4 |    11 |    41 |   108 ||   164
       Punch             |       |     4 |     1 |     5 ||    10
Invok: Berserk           |     1 |     2 |     6 |    13 ||    22
       Trog's Hand       |       |       |     1 |       ||     1
  Use: Scroll            |       |     7 |     3 |     7 ||    17
 Stab: Sleeping          |       |       |     2 |     4 ||     6
       Distracted        |       |       |       |     1 ||     1
Armor: Animal skin       |     4 |       |       |       ||     4
       Ring mail         |     2 |    26 |    79 |   117 ||   224
Dodge: Dodged            |    28 |    46 |   112 |   273 ||   459

Table legend: (Time is in decaauts)
 A = Elapsed time spent in this place.
 B = Non-inter-level travel time spent in this place.
 C = Inter-level travel time spent in this place.
 D = Time resting spent in this place.
 E = Time spent auto-exploring this place.
 F = Levels seen in this place.
 G = Mean time per level.
                   A        B        C        D        E       F      G
               +--------+--------+--------+--------+--------+-----+--------+
         Total |   9855 |   9215 |    640 |      0 |   7040 |  12 |  821.2 |
       Dungeon |   9855 |   9215 |    640 |      0 |   7040 |  12 |  821.2 |
               +--------+--------+--------+--------+--------+-----+--------+

Top non-repeatable levels by time:
    D:10: 1160 daAuts
     D:4: 1086 daAuts
     D:1: 1053 daAuts
    D:11: 1021 daAuts
     D:5: 937 daAuts
     D:2: 886 daAuts
     D:8: 835 daAuts
     D:6: 721 daAuts
     D:3: 708 daAuts
     D:9: 686 daAuts
     D:7: 539 daAuts
    D:12: 218 daAuts
